 Dungeon Crawl Stone Soup version 0.22-a0-425-g89d60a1 (webtiles) character file.

2112 Jynxie the Scholar of Death (level 9, -4/81 HPs)
             Began as a Deep Dwarf Necromancer on May 24, 2018.
             Was a Follower of Kikubaaqudgha.
             Slain by a two-headed ogre
             ... wielding a +0 giant spiked club
              (16 damage)
             ... on level 8 of the Dungeon.
             The game lasted 00:57:28 (9086 turns).

Jynxie the Scholar of Death (DDNe)                  Turns: 9086, Time: 00:57:29

Health: -4/81      AC:  9    Str: 11      XL:     9   Next: 8%
Magic:  0/11       EV: 11    Int: 20      God:    Kikubaaqudgha [*.....]
Gold:   328        SH:  0    Dex:  6 (13) Spells: 6/15 levels left

rFire    + . .     SeeInvis .   A - +2 dagger (drain)
rCold    . . .     Gourm    .   (no shield)
rNeg     . . .     Faith    .   g - +2 robe {rF+}
rPois    .         Spirit   .   y - +2 helmet
rElec    .         Reflect  .   (no cloak)
rCorr    .         Harm     .   i - +1 pair of gloves
MR       +....     Rnd*Tele +   (no boots)
Stlth    ..........             k - amulet of rage
HPRegen  0.00/turn              c - ring of loudness (curse)
MPRegen  0.12/turn              B - ring of teleportation (curse)

@: non-regenerating, heavily drained
A: damage resistance, heal wounds, sense surroundings 2, no regeneration
a: Heal Wounds, Receive Corpses, Renounce Religion, Evoke Berserk Rage


You were on level 8 of the Dungeon.
You worshipped Kikubaaqudgha.
Kikubaaqudgha was aware of your devotion.
You were not hungry.

You visited 2 branches of the dungeon, and saw 9 of its levels.

You collected 328 gold pieces.

Inventory:

Hand Weapons
 q - a +3 dagger
   (You took it off an orc on level 7 of the Dungeon)
 A - a +2 dagger of draining (weapon)
   (You found it on level 5 of the Dungeon)
Armour
 a - a +0 robe
 g - a +2 robe of fire resistance (worn)
   (You took it off Sigmund on level 6 of the Dungeon)
 i - a +1 pair of gloves (worn)
   (You found it on level 1 of the Dungeon)
 l - a +0 shield
   (You found it on level 1 of the Dungeon)
 y - a +2 helmet (worn)
   (You took it off Robin on level 3 of the Dungeon)
 z - a +0 leather armour
   (You took it off an orc on level 3 of the Dungeon)
Jewellery
 c - a cursed ring of loudness (left hand)
   (You found it on level 6 of the Dungeon)
 k - an amulet of rage (around neck)
   (You found it on level 7 of the Dungeon)
 w - a +4 ring of intelligence
   (You found it on level 4 of the Dungeon)
 B - a cursed ring of teleportation (right hand)
   (You found it on level 5 of the Dungeon)
Scrolls
 f - 2 scrolls of fog
 r - 4 scrolls of amnesia
 u - a scroll of teleportation {@r4}
 x - a scroll of fear
Potions
 b - 3 potions of might {unknown}
 d - a potion of lignification {unknown}
 h - a potion of heal wounds {unknown}
 m - 3 potions of curing {@q1}
 n - a potion of cancellation
 o - 2 potions of brilliance {unknown}
 p - 4 potions of haste {unknown}
 s - a potion of degeneration {!q!d}
 t - a potion of flight
 v - a potion of invisibility
Comestibles
 e - 5 rations {!d}
 j - 3 chunks of flesh


   Skills:
 + Level 5.1(3.5) Fighting
 + Level 4.6(3.0) Short Blades
 - Level 2.1(0.7) Dodging
 - Level 2.4(0.9) Stealth
 + Level 5.9(4.2) Shields
 + Level 3.6(2.1) Spellcasting
 + Level 7.8(6.1) Necromancy


You had 6 spell levels left.
You knew the following spells:

 Your Spells              Type           Power        Failure   Level  Hunger
a - Pain                  Necr           ####         1%          1    #......
b - Animate Dead          Necr           N/A          13%         4    #####..
q - Vampiric Draining     Necr           ####......   3%          3    ###....
z - Animate Skeleton      Necr           N/A          1%          1    #......

Your spell library contained the following spells:

 Spells                   Type           Power        Failure   Level  Hunger
 Summon Small Mammal      Summ           #...         16%         1    #......
 Summon Ice Beast         Ice/Summ       #.......     83%         4    #####..
 Call Imp                 Summ           #.......     24%         2    ##.....
 Regeneration             Chrm/Necr      ##........   14%         3    ###....
 Sublimation of Blood     Necr           ####......   1%          2    ##.....
 Ignite Poison            Fire/Tmut/Pois #.......     43%         3    ###....
 Call Canine Familiar     Summ           #.......     43%         3    ###....
 Alistair's Intoxication  Tmut/Pois      #.......     99%         5    ######.
 Petrify                  Tmut/Erth      #.......     83%         4    #####..
 Summon Lightning Spire   Summ/Air       #.......     83%         4    #####..
 Summon Guardian Golem    Hex/Summ       #.......     43%         3    ###....
 Irradiate                Conj/Tmut      #.........   99%         5    ######.


Dungeon Overview and Level Annotations

Branches:
Dungeon (8/15)             Temple (1/1) D:4
   Lair: D:8-11

Altars:
Ashenzari
Cheibriados
Dithmenos
Elyvilon
Fedhas
Gozag
Hepliaklqana
Kikubaaqudgha
Makhleb
Nemelex Xobeh
Okawaru
Qazlal
Ru
Trog
Uskayaw
Vehumet
Wu Jian
Yredelemnul
Zin
The Shining One

Shops:
D:5 :

Annotations:
D:3 Grinder; Paulus's ghost, amateur FoFi


Innate Abilities, Weirdness & Mutations

You are resistant to damage.
You can heal yourself by infusing magical energy.
You passively map the area around you.
You do not regenerate.


Message History

You attempt to give life to the dead...
Before your eyes, flesh is ripped from the corpse!
The dead are walking!
j - 4 chunks of flesh (gained 2) Eating one of 4 chunks of flesh.
You eat one of the 4 chunks of flesh.
You swap places.
A two-headed ogre comes into view.
It is wielding a giant spiked club and a giant club.
Found a scroll of identify.
You swap places.
Found 20 stones.
The two-headed ogre hits your orc priest skeleton with a giant spiked club!
The two-headed ogre hits your orc priest skeleton with a giant club.
Your orc priest skeleton hits the two-headed ogre.
You are suddenly yanked towards a nearby monster!
Your surroundings seem slightly different.
Your orc skeleton hits the two-headed ogre with a hand axe.
Unknown command.
The two-headed ogre hits your orc skeleton with a giant spiked club!
Your orc skeleton is destroyed!
Your orc priest skeleton hits the two-headed ogre.
Your orc priest skeleton hits the two-headed ogre.
Your orc priest skeleton barely misses the two-headed ogre.
Aim: a two-headed ogre, wielding a giant spiked club and a giant club (lightly wounded, chance to defeat MR: 71%)
The two-headed ogre writhes in agony!
The two-headed ogre barely misses you. The two-headed ogre misses you.
Aim: a two-headed ogre, wielding a giant spiked club and a giant club (lightly wounded, chance to defeat MR: 71%)
The two-headed ogre struggles to resist.
The two-headed ogre hits you with a giant spiked club!
The two-headed ogre barely misses you.
Your orc priest skeleton hits the two-headed ogre.
The two-headed ogre barely misses you.
The two-headed ogre hits you with a giant club.
Your orc priest skeleton hits the two-headed ogre.
Your orc priest skeleton barely misses the two-headed ogre.
You see here 20 stones.
The two-headed ogre hits you with a giant spiked club!!
* * * LOW HITPOINT WARNING * * *
The two-headed ogre closely misses you.
Your orc priest skeleton hits the two-headed ogre.
Your orc priest skeleton completely misses the two-headed ogre.
You see here 11 gold pieces.
Found a runed hand axe.
Found a scroll of identify.
Aim: a two-headed ogre, wielding a giant spiked club and a giant club (lightly wounded)
You feel life coursing into your body.
The two-headed ogre hits you with a giant spiked club!!
* * * LOW HITPOINT WARNING * * *
The two-headed ogre hits you with a giant club!!
You die...
Kikubaaqudgha rasps: "You have failed me!
Welcome... death!"

** , * * ## * , * , *
...#?, ,, #..#. , * *
#..?..* * ###.#...# *,
####.........#
#....#*#..#...## , ,
###.### #......@## , ,
......####.#####O.#
......))...#####..#####
* *,,
..........Z$...........#
,
.......#########..####..
, ######.# * ......, ,*
* * #.# , ,)......# * ,
#.# ,........# ,, ..#
........# *


You could see a two-headed ogre.

Vanquished Creatures
  Sigmund (D:6)
  The ghost of Amnesiac the Prestidigitator, an amateur SpAr (D:5)
  3 orc warriors
  2 sky beasts (D:7)
  2 ogres
  2 bullfrogs (D:7)
  Blork the orc (D:5)
  A howler monkey (D:7)
  5 crimson imps
  2 quasits (D:7)
  A bullfrog skeleton (D:6)
  2 orc priests
  2 hounds
  An iguana (D:6)
  Jessica (D:3)
  2 worker ants
  Natasha (twice) (D:4)
  Terence (D:4)
  2 orc wizards
  A hound zombie (D:6)
  A hound skeleton (D:4)
  Robin (D:3)
  9 adders
  A howler monkey skeleton (D:7)
  An ooze (D:1)
  An adder skeleton (D:5)
  2 worms (D:2)
  A dart slug (D:3)
  4 leopard geckos
  16 orcs
  2 ball pythons
  16 goblins
  10 hobgoblins
  9 jackals
  6 kobolds
  2 quokkas
  8 bats
  3 frilled lizards
  A jackal skeleton (D:5)
  A leopard gecko zombie (D:4)
  10 rats
140 creatures vanquished.

Vanquished Creatures (collateral kills)
  An ogre (D:6)
  A crimson imp (D:6)
  Natasha (D:4)
  2 goblins
  A jackal (D:6)
  A leopard gecko skeleton (D:4)
  A rat (D:3)
8 creatures vanquished.

Grand Total: 148 creatures vanquished

Notes
Turn   | Place    | Note
-------+----------+-------------------------------------------
     0 | D:1      | Jynxie the Deep Dwarf Necromancer began the quest for the Orb.
     0 | D:1      | Reached XP level 1. HP: 15/15 MP: 3/3
    88 | D:1      | Learned a level 1 spell: Animate Skeleton
   323 | D:1      | Reached XP level 2. HP: 24/24 MP: 1/4
   335 | D:1      | Reached skill level 1 in Fighting
  1184 | D:2      | Reached XP level 3. HP: 19/31 MP: 0/5
  1248 | D:2      | Found a glowing silver altar of Zin.
  1289 | D:2      | Reached skill level 1 in Shields
  1290 | D:2      | Reached skill level 5 in Necromancy
  1745 | D:2      | Learned a level 3 spell: Vampiric Draining
  1908 | D:2      | Reached XP level 4. HP: 22/39 MP: 1/6
  2320 | D:3      | Noticed Grinder
  2326 | D:3      | Paralysed by Grinder for 5 turns
  2684 | D:3      | Found a blossoming altar of Fedhas.
  2689 | D:3      | Noticed Robin
  2695 | D:3      | Noticed Paulus's ghost (amateur FoFi)
  2826 | D:3      | Noticed Jessica
  2829 | D:3      | Killed Jessica
  2952 | D:3      | Noticed an ogre
  2970 | D:3      | Killed an ogre
  2970 | D:3      | Reached skill level 1 in Short Blades
  2970 | D:3      | Reached XP level 5. HP: 19/46 MP: 0/7
  3269 | D:3      | Noticed Natasha
  3380 | D:4      | Found a staircase to the Ecumenical Temple.
  3391 | Temple   | Entered the Ecumenical Temple
  3499 | Temple   | Became a worshipper of Kikubaaqudgha
  3639 | D:4      | Reached XP level 6. HP: 54/55 MP: 0/8
  4384 | D:3      | Noticed Terence
  4388 | D:4      | Killed Terence
  4658 | D:4      | Killed Natasha
  4668 | D:4      | Noticed Natasha
  4680 | D:4      | Killed Natasha
  4680 | D:4      | Reached skill level 6 in Necromancy
  4981 | D:4      | Noticed Natasha
  4991 | D:4      | Killed Natasha
  5001 | D:4      | Found a staircase to the Ecumenical Temple.
  5174 | D:3      | Killed Robin
  5310 | D:3      | Learned a level 4 spell: Animate Dead
  5410 | D:5      | Entered Level 5 of the Dungeon
  5806 | D:5      | Noticed Amnesiac's ghost (amateur SpAr)
  5818 | D:5      | Found a burning altar of Makhleb.
  5885 | D:5      | Found Zofanwoc's Book Shoppe.
  6033 | D:5      | Killed Amnesiac's ghost
  6033 | D:5      | Reached XP level 7. HP: 57/62 MP: 8/10
  6174 | D:6      | Noticed Blork the orc
  6174 | D:6      | Noticed Sigmund
  6234 | D:5      | Killed Blork the orc
  6382 | D:6      | Killed Sigmund
  6863 | D:6      | HP: 3/63 [crimson imp/exploding inner flame[the player character] (21)]
  6863 | D:6      | HP: 1/63 [crimson imp (2)]
  7162 | D:6      | Reached XP level 8. HP: 44/72 MP: 10/10
  7539 | D:6      | Reached skill level 7 in Necromancy
  7676 | D:7      | Reached skill level 5 in Shields
  7711 | D:7      | Found an iron altar of Okawaru.
  7734 | D:7      | Reached * piety under Kikubaaqudgha
  7734 | D:7      | Identified Kikubaaqudgha's Grimoire of Sinister Magic (Kikubaaqudgha gifted it to you on level 7 of the Dungeon)
  7734 | D:7      | Received a gift from Kikubaaqudgha
  8588 | D:7      | Reached skill level 5 in Fighting
  8603 | D:7      | HP: 3/74 [orc warrior/short sword (16)]
  8722 | D:7      | Gained mutation: You passively map the area around you. [Deep Dwarf growth]
  8722 | D:7      | Reached XP level 9. HP: 66/81 MP: 4/11
  9047 | D:8      | Noticed a two-headed ogre
  9086 | D:8      | Slain by a two-headed ogre

Vault maps used:
D:1:      saegor_arrival_simple_d
D:2:      lemuel_doored_altar, kennysheep_generic_room_10
D:3:      first_ration, fedhas_altar_2, uniq_jessica, uniq_grinder, uniq_robin,
          uniq_natasha, uniq_terence
D:4:      minmay_temple_entry_overgrown
D:5:      serial_shops, nicolae_shop_waterfront, basic_altar
D:6:      minmay_strange_pillars, uniq_blork_the_orc, uniq_sigmund
D:7:      nicolae_overflow_hidden_temple
Temple:   dpeg_five_rooms_temple

Skill      XL: |  1  2  3  4  5  6  7  8 |
---------------+-------------------------+-----
Fighting       | 1 2 3 4 5 |  5.1
Shields        | 1 2 3 4 5 |  5.9
Necromancy     | 5 6 7 |  7.8
Spellcasting   | 2 3 |  3.6
Short Blades   | 1 2 3 4 |  4.6
Dodging        | |  2.1
Stealth        | |  2.4

Action                   |  1- 3 |  4- 6 |  7- 9 || total
-------------------------+-------+-------+-------++-------
Melee: Unarmed           |     2 |       |       ||     2
       Dagger            |    28 |   167 |   596 ||   791
 Cast: Pain              |    76 |    62 |    51 ||   189
       Animate Skeleton  |     2 |    13 |    12 ||    27
       Vampiric Draining |       |    21 |    32 ||    53
       Animate Dead      |       |       |     1 ||     1
Invok: Receive Corpses   |       |       |     1 ||     1
 Abil: Heal Wounds       |       |     7 |     7 ||    14
  Use: Scroll            |       |     6 |    10 ||    16
       Potion            |       |       |     1 ||     1
 Stab: Sleeping          |     1 |     5 |     2 ||     8
       Distracted        |       |     1 |     1 ||     2
  Eat: Ration            |     1 |     2 |     2 ||     5
       Chunk             |     1 |    10 |     9 ||    20
Armor: Robe              |    12 |    63 |   243 ||   318
       Leather armour    |       |    20 |    11 ||    31
Dodge: Dodged            |    13 |   128 |   367 ||   508
Block: Shield            |     7 |     1 |       ||     8

Table legend:
 A = Spawn XP
 B = Non-spawn XP
 C = Spawn XP percentage of total XP
 D = Spawn monster count
 E = Non-spawn monster count
 F = Spawn count percentage of total count
 G = Total turns spent on level
                    A         B        C        D         E        F      G
               +---------+---------+-------+---------+---------+-------+---------
         Total |       0 |    3018 |   0.0 |       0 |     148 |   0.0 |  9086
               +---------+---------+-------+---------+---------+-------+---------
           D:1 |       0 |      34 |   0.0 |       0 |      19 |   0.0 |  1109
           D:2 |       0 |      98 |   0.0 |       0 |      27 |   0.0 |  1389
           D:3 |       0 |     227 |   0.0 |       0 |      25 |   0.0 |  1159
           D:4 |       0 |     279 |   0.0 |       0 |      27 |   0.0 |  1554
           D:5 |       0 |     320 |   0.0 |       0 |       5 |   0.0 |   797
           D:6 |       0 |     801 |   0.0 |       0 |      18 |   0.0 |  1768
           D:7 |       0 |    1212 |   0.0 |       0 |      24 |   0.0 |  1039
           D:8 |       0 |      47 |   0.0 |       0 |       3 |   0.0 |    72
               +---------+---------+-------+---------+---------+-------+---------
